AoeStats
← Embege

Black Forest

510379924Analyzed
4v4 RM · 2d ago on Sep 30, 2026· 50m 45s· 8 players
Game mode
Random Map
Map size
Large (8 player)
Population
200
Speed
Normal
Resources
Standard
Victory
Conquest
Starting age
Dark Age
Ending age
Imperial Age
RankedLock teamsTeams togetherTeam positionsShared explorationLock speedFull tech treeHidden civsTurbo modeCheats
Victory
Defeat
🇹🇷 Franks · Türkiye
1439
+15
🇹🇷 Teutons · Türkiye
1420
+16
🇹🇷 Persians · Türkiye
1412
+16
🇹🇷 Celts · Türkiye
1244
+24
🇮🇩 Magyars · Indonesia
1449
-19
🇩🇪 Burmese · Germany
1443
-19
🇻🇳 Burgundians · Vietnam
1390
-17
🇻🇳 Spanish · Vietnam
1382
-16
ost.nostalgia
3:23 Double-Bit Axe
5:20 Loom
11:52 Feudal Age
10:08 Fishing Lines
10:55 Stone Mining
17:01 Castle Age
17:35 Bow Saw
18:58 Wheelbarrow
19:24 Two-Man Saw
18:05 Horse Collar
18:18 Gillnets
18:12 Horse Collar
18:54 Heavy Plow
19:56 Hand Cart
19:35 Gold Mining
21:20 Crop Rotation
25:40 Burgundian Vineyards
26:57 Gold Shaft Mining
29:56 Imperial Age
28:44 Stone Shaft Mining
28:49 Guilds
28:32 Town Watch
29:02 Fletching
29:58 Treadmill Crane
30:29 Masonry
30:32 Bodkin Arrow
31:07 Conscription
33:38 Chemistry
33:52 Hoardings
34:11 Bracer
34:33 Ballistics
34:44 Architecture
35:22 Caravan
35:51 Padded Archer Armor
36:57 Leather Archer Armor
40:29 Scale Barding Armor
40:35 Forging
40:48 Bombard Tower
44:13 Murder Holes
44:41 Chain Barding Armor
44:57 Iron Casting
thanh7531
0:46 Loom
10:35 Feudal Age
14:57 Castle Age
14:13 Double-Bit Axe
15:07 Wheelbarrow
28:19 Fishing Lines
29:10 Caravan
30:23 Hand Cart
34:49 Imperial Age
33:39 Horse Collar
34:01 Scale Mail Armor
33:43 Pikeman
35:28 Squires
35:26 Gambesons
36:43 Gillnets
38:14 Town Watch
38:53 Chain Mail Armor
38:48 Forging
38:49 Halberdier
rikardo_latino
0:29 Loom
13:19 Feudal Age
16:09 Gold Mining
22:09 Castle Age
23:24 Wheelbarrow
24:08 Redemption
24:28 Hand Cart
29:37 Imperial Age
31:39 Chemistry
32:47 Block Printing
32:38 Scale Mail Armor
32:49 Forging
33:57 Sanctity
33:30 Town Watch
34:36 Illumination
34:47 Theocracy
33:39 Pikeman
36:06 Fervor
37:17 Conscription
37:46 Halberdier
39:16 Chain Mail Armor
39:36 Iron Casting
39:29 Town Patrol
40:28 Caravan
41:23 Squires
44:09 Elite Cannon Galleon
Embege
1:15 Loom
11:22 Feudal Age
15:43 Castle Age
28:22 Double-Bit Axe
37:38 Gold Mining
39:43 Bow Saw
41:10 Caravan
43:11 Wheelbarrow
43:31 Fletching
43:41 Padded Archer Armor
Tameryig1t
1:13 Loom
9:49 Feudal Age
10:59 Man-at-Arms
15:40 Fletching
25:13 Castle Age
23:01 Horse Collar
23:35 Double-Bit Axe
26:54 Bodkin Arrow
27:16 Bow Saw
32:45 Stone Mining
32:45 Gold Mining
33:40 Wheelbarrow
37:19 Imperial Age
35:06 Hand Cart
34:37 Town Watch
35:43 Bloodlines
36:56 Stone Shaft Mining
36:17 Arson
36:17 Gambesons
36:33 Squires
36:46 Scale Barding Armor
36:52 Forging
37:04 Heavy Plow
37:56 Long Swordsman
37:59 Cavalier
39:53 Crop Rotation
39:28 Scale Mail Armor
40:03 Iron Casting
39:02 Two-Handed Swordsman
40:26 Chain Mail Armor
39:50 Champion
40:02 Paladin
42:32 Blast Furnace
41:57 Caravan
42:28 Coinage
42:08 Guilds
42:59 Plate Mail Armor
42:55 Padded Archer Armor
43:33 Conscription
48:52 Chain Barding Armor
klostrofobikköstebek
7:02 Loom
10:54 Feudal Age
14:40 Castle Age
13:03 Double-Bit Axe
12:59 Horse Collar
17:50 Wheelbarrow
17:30 Bow Saw
24:43 Fishing Lines
30:26 Imperial Age
28:43 Heavy Plow
28:35 Gold Mining
29:24 Hand Cart
29:38 Husbandry
29:49 Bloodlines
29:45 Scale Barding Armor
29:51 Forging
30:33 Gold Shaft Mining
29:49 Stone Mining
30:55 Chain Barding Armor
30:36 Gillnets
32:01 Chemistry
32:17 Iron Casting
32:39 Stone Shaft Mining
33:06 Plate Barding Armor
33:25 Devotion
33:55 Elite War Elephant
36:30 Blast Furnace
35:34 Padded Archer Armor
35:25 Fletching
36:00 Crossbowman
36:45 Thumb Ring
38:50 Conscription
38:33 Bodkin Arrow
39:39 Leather Archer Armor
39:33 Kamandaran
40:09 Crop Rotation
40:39 Two-Man Saw
41:38 Ring Archer Armor
42:22 Caravan
51:10 Scale Mail Armor
İhtiyar
3:47 Loom
11:30 Feudal Age
15:48 Castle Age
13:38 Double-Bit Axe
13:34 Horse Collar
17:07 Wheelbarrow
16:39 Fishing Lines
17:46 Stone Mining
17:46 Gold Mining
17:51 Stone Mining
22:59 Gillnets
27:06 Fletching
30:54 Caravan
31:15 Bodkin Arrow
32:56 Gold Shaft Mining
36:55 Imperial Age
34:41 Forging
34:37 Scale Barding Armor
35:11 Husbandry
34:32 Light Cavalry
36:31 Iron Casting
35:57 Pikeman
37:39 Chain Barding Armor
37:08 Hussar
39:22 Heavy Scorpion
43:13 Blast Furnace
42:43 Ballistics
42:46 Conscription
43:17 Furor Celtica
43:32 Siege Engineers
44:29 Chemistry
44:49 Heavy Plow
Kuheylan
11:57 Feudal Age
16:14 Castle Age
15:13 Double-Bit Axe
23:23 Scale Barding Armor
23:29 Forging
31:37 Imperial Age
29:43 Wheelbarrow
30:17 Husbandry
31:15 Chain Barding Armor
31:33 Iron Casting
32:45 Caravan
32:33 Cavalier
35:22 Hand Cart
34:54 Loom
36:04 Bow Saw
36:53 Paladin
39:11 Plate Barding Armor
39:40 Blast Furnace
40:41 Chivalry
41:03 Conscription
40:09 Ordonnance Companies
48:27 Elite Throwing Axeman
49:43 Hoardings
49:11 Scale Mail Armor
50:28 Gold Mining
Connection lost

Rejoining the realm…

Still unreachable

The connection could not be restored.

Session expired

The server has moved on; the page needs a fresh start.